 Dungeon Sprint DCSS version 0.21-a0-91-ga5031da (webtiles) character file.

210888 Kidiri the Slayer (level 19, -20/220 HPs)
             Began as a Naga Fighter on June 28, 2017.
             Was the Champion of Cheibriados.
             Killed from afar by a fire dragon (57 damage)
             ... with a blast of flame
             ... in the Dungeon (Sprint V: "Ziggurat Sprint").
             The game lasted 00:25:52 (2143 turns).

Kidiri the Slayer (Naga Fighter)                    Turns: 2143, Time: 00:25:53

Health: -20/220    AC: 52    Str: 49    XL:     19   Next: 28%
Magic:  3/33       EV: 22    Int: 24    God:    Cheibriados [******]
Gold:   0          SH: 46    Dex: 42    Spells: 18/18 levels left

rFire    x . .     SeeInvis +   a - +9 sword of Zonguldrok {reap}
rCold    . . .     Gourm    .   c - +18 shield of the Gong {rElec rN+ MR+ EV-5}
rNeg     + + +     Faith    .   b - +15 Maxwell's patent armour {-Cast -Tele rElec MR+ rCorr}
rPois    +         Spirit   .   B - +2 helmet "Niemufa" {rElec rCorr}
rElec    +         Reflect  +   R - +2 cloak {MR+}
rCorr    +         Harm     .   o - +2 pair of gloves of the Buccaneer {Regen+}
MR       +++++     NoTele   +   (no barding) Stlth ..........NoCast +
                                Y - amulet "Oluom" {Reflect rN+ MR- Str+3 Dex+4 SH+5}
HPRegen  0.86/turn              J - ring "Ydeq" {rF- rN++ MR+ Str+6}
MPRegen  0.23/turn              h - ring "Wimuzyed" {MR+ Str+4 Dex+7 SInv}

@: very slow
A: iridescent scales 1, slimy green scales 1, see invisible, deformed body,
deterioration 1, magic resistance 1, poison resistance, slowness 2, slow
metabolism 1, spit poison 2, wild magic 2, MP-powered wands, constrict 1, AC +6
a: Breathe Poison Gas, Bend Time, Temporal Distortion, Slouch, Step From Time,
Renounce Religion


You were in the Dungeon.
You worshipped Cheibriados.
Cheibriados was exalted by your worship.
You were hungry.

You visited 1 branch

Inventory:

Hand Weapons
 a - the +9 sword of Zonguldrok (weapon) {reap}
   (You found it in the Dungeon)

   If a monster killed with it leaves a corpse in good enough shape, the corpse
   will be animated as a zombie friendly to the killer.
Armour
 b - the +15 Maxwell's patent armour (worn) {-Cast -Tele rElec MR+ rCorr}
   (You found it in the Dungeon)

   It insulates you from electricity.
   It affects your resistance to hostile enchantments.
   It prevents spellcasting.
   It prevents most forms of teleportation.
   It protects you from acid and corrosion.
 c - the +18 shield of the Gong (worn) {rElec rN+ MR+ EV-5}
   (You found it in the Dungeon)

   It affects your evasion (-5).
   It insulates you from electricity.
   It protects you from negative energy.
   It affects your resistance to hostile enchantments.
 o - the +2 pair of gloves of the Buccaneer (worn) {Regen+}
   (You found it in the Dungeon)

   It increases your rate of regeneration.
 B - the +2 helmet "Niemufa" (worn) {rElec rCorr}
   (You found it in the Dungeon)

   It insulates you from electricity.
   It protects you from acid and corrosion.
 R - a +2 cloak of magic resistance (worn)
Jewellery
 h - the ring "Wimuzyed" (right hand) {MR+ Str+4 Dex+7 SInv}
   (You took it off a green draconian in the Dungeon)

   [ring of strength]

   It affects your strength (+4).
   It affects your dexterity (+7).
   It affects your resistance to hostile enchantments.
   It lets you see invisible.
 j - the ring of Robustness {AC+8}
   (You took it off a deep elf sorcerer in the Dungeon)

   [ring of protection]

   It affects your AC (+8).
 y - the ring of Etsuek {+Inv SInv}
   (You found it in the Dungeon)

   [ring of see invisible]

   It lets you see invisible.
   It lets you turn invisible.
 A - the ring "Zuza" {rElec rC++ rN+ Str-4 Stlth-}
   (You took it off a green draconian in the Dungeon)

   [ring of loudness]

   It affects your strength (-4).
   It greatly protects you from cold.
   It insulates you from electricity.
   It protects you from negative energy.
   It makes you less stealthy.
 C - the ring "Ori Hack" {Ice +Blink}
   (You took it off a purple draconian in the Dungeon)

   [ring of ice]

   It enhances your ice magic.
   It makes you vulnerable to fire.
   It protects you from cold.
   It lets you blink.
 E - the amulet "Repneara" {Spirit rC- Int+8}
   (You found it in the Dungeon)

   [amulet of guardian spirit]

   It causes incoming damage to be split between your health and magic.
   It affects your intelligence (+8).
   It makes you vulnerable to cold.
 J - the ring "Ydeq" (left hand) {rF- rN++ MR+ Str+6}
   (You found it in the Dungeon)

   [ring of strength]

   It affects your strength (+6).
   It makes you vulnerable to fire.
   It greatly protects you from negative energy.
   It affects your resistance to hostile enchantments.
 K - the amulet "Zynoutor" {RegenMP rElec rF- Str+5 Dex+4}
   (You found it in the Dungeon)

   [amulet of magic regeneration]

   It increases your magic regeneration.
   It affects your strength (+5).
   It affects your dexterity (+4).
   It makes you vulnerable to fire.
   It insulates you from electricity.
 M - the ring of Unoleqel {*Corrode rElec rPois Dex-3 Stlth-}
   (You took it off a vampire mage in the Dungeon)

   [ring of loudness]

   It affects your dexterity (-3).
   It insulates you from electricity.
   It protects you from poison.
   It may corrode you when you take damage.
   It makes you less stealthy.
 N - the ring "Zetsuqir" {+Fly rElec rF+ Int-4 Dex+4}
   (You took it off a vampire knight in the Dungeon)

   [ring of flight]

   It affects your intelligence (-4).
   It affects your dexterity (+4).
   It protects you from fire.
   It insulates you from electricity.
   It lets you fly.
 O - the ring "Paghics" {+Inv rF+ MR++ Str+4 Int+2}
   (You found it in the Dungeon)

   [ring of protection from fire]

   It affects your strength (+4).
   It affects your intelligence (+2).
   It protects you from fire.
   It affects your resistance to hostile enchantments.
   It lets you turn invisible.
 Q - the ring of Phasing {EV+8}
   (You found it in the Dungeon)

   [ring of evasion]

   It affects your evasion (+8).
 S - the ring "Nipses" {+Blink rPois Dex+7 Slay-5 SInv}
   (You took it off a necromancer in the Dungeon)

   [ring of see invisible]

   It affects your dexterity (+7).
   It affects your accuracy and damage with ranged weapons and melee attacks
   (-5).
   It protects you from poison.
   It lets you see invisible.
   It lets you blink.
 V - a ring of the Octopus King {rN+ AC+1 EV+1 Str+1 Int+1 Dex+1}
   (You took it off a centaur warrior in the Dungeon)

   [ring of positive energy]

   It affects your AC (+1).
   It affects your evasion (+1).
   It affects your strength (+1).
   It affects your intelligence (+1).
   It affects your dexterity (+1).
   It protects you from negative energy.
 X - the ring "Hen Gama" {rElec rPois MP+9 Str+4 Dex+4}
   (You took it off a vampire mage in the Dungeon)

   [ring of magical power]

   It affects your strength (+4).
   It affects your dexterity (+4).
   It insulates you from electricity.
   It protects you from poison.
   It affects your magic capacity (+9).
 Y - the amulet "Oluom" (around neck) {Reflect rN+ MR- Str+3 Dex+4 SH+5}
   (You took it off a centaur in the Dungeon)

   [amulet of reflection]

   It shields you and reflects attacks.
   It affects your strength (+3).
   It affects your dexterity (+4).
   It protects you from negative energy.
   It affects your resistance to hostile enchantments.
   It affects your SH (+5).
 Z - the ring "Gytefamo" {Wiz rC+}
   (You took it off a wight in the Dungeon)

   [ring of wizardry]

   It improves your spell success rate.
   It protects you from cold.
Wands
 F - a wand of disintegration (7/24)
 G - a wand of iceblast (5/15)
 H - a wand of lightning (5/15)
 I - a wand of acid (5/15)
Scrolls
 k - 4 scrolls of blinking
 q - 4 scrolls of amnesia
 r - 3 scrolls of recharging
 s - 8 scrolls of fog
 t - a scroll of holy word
 u - 5 scrolls of identify
 v - 5 scrolls of remove curse
 w - 2 scrolls of fear
 L - 3 scrolls of brand weapon
Potions
 d - 6 potions of might
 e - 10 potions of curing
 g - 15 potions of heal wounds
 i - 5 potions of magic
 l - 2 potions of brilliance
 m - 2 potions of invisibility
 n - 4 potions of resistance
 p - 6 potions of agility
Comestibles
 f - 5 bread rations
 x - 31 fruits
 z - 4 meat rations


   Skills:
 * Level 25.5 Fighting
 * Level 25.5 Long Blades
 * Level 22.3 Armour
 + Level 16.6 Dodging
 * Level 22.3 Shields
 + Level 20.6 Invocations
 + Level 19.3 Evocations


You had 18 spell levels left.
You didn't know any spells.

Dungeon Overview and Level Annotations

Branches:
Dungeon (1/1)

Altars:
Ashenzari
Cheibriados
Dithmenos
Elyvilon
Fedhas
Gozag
Hepliaklqana
Kikubaaqudgha
Makhleb
Nemelex Xobeh
Okawaru
Qazlal
Ru
Sif Muna
Trog
Uskayaw
Vehumet
Wu Jian
Xom
Yredelemnul
Zin
The Shining One
Beogh
Jiyva
Lugonu


Innate Abilities, Weirdness & Mutations

You cannot wear boots.
Your serpentine skin is tough. (AC +6)
You have supernaturally acute eyesight. (SInv)
Armour fits poorly on your strangely shaped body.
Your system is resistant to poisons. (rPois)
You cover ground very slowly.
You have a slow metabolism.
You can exhale a cloud of poison.
You can use your snake-like lower body to constrict enemies.
You are partially covered in iridescent scales. (AC +2)
You are partially covered in slimy green scales. (AC +2)
Your body sometimes deteriorates upon taking damage.
You are resistant to hostile enchantments. (MR+)
Your spells are harder to cast, but more powerful.
You expend magic power (3 MP) to strengthen your wands.


Message History

Cheibriados thoroughly appreciates the change of pace.
You are feeling hungry.
Unknown command.
You can feel time thicken for a moment.
You kill the fire giant!
Cheibriados thoroughly appreciates the change of pace.
You feel your dexterity returning.
You kill the fire dragon!
Cheibriados thoroughly appreciates the change of pace.
You kill the efreet!
Cheibriados appreciates the change of pace.
You kill the efreet!
Cheibriados thoroughly appreciates the change of pace.
You feel somewhat more hungry.
A hell hound comes into view.
Unknown command.
The fire dragon is engulfed in blazing flames.
The fire dragon breathes flames at you. The blast of flame hits you!
The fire burns you terribly!
You die...

).....▓
.....).h)......
......▓
..)....§)h..†..
......▓
.....§.§.......
......▓
.....).D.......
......▓
.....†)).......
......▓
▓...).....▓
.▓....▓ .
▓▓....††.▓▓ .
......▓
..▓.........▓..
......▓
.......@.......
......▓
...............
.....
...............
▓▓▓▓▓
▓▓▓▓▓▓▓▓▓▓▓▓▓▓▓


You could see a fire dragon and a hell hound (wandering).

Vanquished Creatures
  3 orbs of fire (D)
  An ancient lich (D)
  A curse toe (D)
  A golden dragon (D)
  A lich (D)
  2 tentacled monstrosities (D)
  11 Orb Guardians (D)
  7 deep elf master archers (D)
  3 deep elf blademasters (D)
  2 quicksilver dragons (D)
  2 death cobs (D)
  3 shadow dragons (D)
  4 fire giants (D)
  A ghost moth (D)
  2 draconian knights (D)
  7 deep elf sorcerers (D)
  5 balrugs (D)
  A draconian scorcher (D)
  8 ghouls (D)
  3 reapers (D)
  A spriggan defender (D)
  A draconian annihilator (D)
  6 stone giants (D)
  4 vampire knights (D)
  4 purple draconians (D)
  10 green draconians (D)
  7 red draconians (D)
  6 white draconians (D)
  4 deep elf annihilators (D)
  3 black draconians (D)
  2 dire elephants (D)
  5 yellow draconians (D)
  4 merfolk javelineers (D)
  3 death oozes (D)
  A merfolk impaler (D)
  3 fire dragons (D)
  3 yaktaur captains (D)
  3 deep elf high priests (D)
  A great orb of eyes (D)
  4 naga warriors (D)
  5 anacondas (D)
  A merfolk aquamancer (D)
  4 centaur warriors (D)
  A spriggan air mage (D)
  5 hell hogs (D)
  A death scarab (D)
  3 vampire magi (D)
  2 two-headed ogres (D)
  5 dancing weapons (D)
  2 spriggan berserkers (D)
  3 soul eaters (D)
  A spriggan (D)
  2 deep elf knights (D)
  3 skeletal warriors (D)
  2 deep elf archers (D)
  A shambling mangrove (D)
  6 necromancers (D)
  10 deep elf magi (D)
  4 manticores (D)
  An oklob plant (D)
  5 cyclopes (D)
  5 moths of wrath (D)
  2 rust devils (D)
  6 black mambas (D)
  6 naga magi (D)
  An elephant (shapeshifter) (D)
  An apocalypse crab (D)
  4 efreet (D)
  3 yaktaurs (D)
  An ice devil (D)
  A merfolk (D)
  A red devil (D)
  2 guardian mummies (D)
  4 hornets (D)
  2 trolls (D)
  4 slime creatures (D)
  A snapping turtle (D)
  A flying skull (D)
  2 vampires (D)
  5 water elementals (D)
  An air elemental (D)
  7 shadows (D)
  10 fire elementals (D)
  2 nagas (D)
  4 insubstantial wisps (D)
  6 water moccasins (D)
  12 hell hounds (D)
  3 black bears (D)
  An orc warrior (D)
  4 wolves (D)
  5 necrophages (D)
  5 centaurs (D)
  A bullfrog (shapeshifter) (D)
  2 earth elementals (D)
  2 scorpions (D)
  8 wights (D)
  2 quasits (D)
  2 jellies (D)
  3 orc wizards (D)
  An iron imp (D)
  3 mummies (D)
  4 adders (D)
  3 white imps (D)
  An ufetubus (D)
  An ooze (D)
  7 adder skeletons (D)
  7 adder zombies (D)
  2 orcs (D)
  A spectral bat (D)
  A bat skeleton (D)
  4 bat zombies (D)
  2 ball pythons (D)
  A ball python skeleton (D)
  2 ball python zombies (D)
  2 giant cockroach zombies (D)
  3 leopard gecko skeletons (D)
  A quokka zombie (D)
  5 fire vortices (D)
393 creatures vanquished.

Vanquished Creatures (collateral kills)
  2 merfolk impalers (D)
  A snapping turtle (D)
3 creatures vanquished.

Vanquished Creatures (others)
  3 deep elf master archers (D)
  2 stone giants (D)
  2 centaur warriors (D)
  3 cyclopes (D)
  A yaktaur (D)
11 creatures vanquished.

Grand Total: 407 creatures vanquished

Notes
Turn   | Place    | Note
-------+----------+-------------------------------------------
     0 | D        | Kidiri the Naga Fighter began the quest for the Orb.
     0 | D        | Reached XP level 1. HP: 21/21 MP: 1/1
     0 | D        | Found a deep blue altar of Sif Muna.
     0 | D        | Found a sacrificial altar of Ru.
     0 | D        | Found a bloodstained altar of Trog.
     0 | D        | Found a stormy altar of Qazlal.
     0 | D        | Found an iron altar of Okawaru.
     0 | D        | Found a sparkling altar of Nemelex Xobeh.
     0 | D        | Found a blossoming altar of Fedhas.
     2 | D        | Found a transporter.
     2 | D        | Found an ancient bone altar of Kikubaaqudgha.
     2 | D        | Found a viscous altar of Jiyva.
     2 | D        | Found a corrupted altar of Lugonu.
     2 | D        | Found a hazy altar of Hepliaklqana.
     2 | D        | Found a burning altar of Makhleb.
     2 | D        | Found an opulent altar of Gozag.
   103 | D        | Became a worshipper of Cheibriados the Contemplative
   118 | D        | Reached skill level 1 in Dodging
   118 | D        | Reached skill level 1 in Evocations
   118 | D        | Reached XP level 2. HP: 30/30 MP: 1/3
   142 | D        | Entered arena 2.
   142 | D        | Noticed a scorpion
   142 | D        | Noticed a scorpion
   142 | D        | Found a transporter.
   145 | D        | Killed a scorpion
   145 | D        | Reached XP level 3. HP: 37/37 MP: 4/4
   152 | D        | Killed a scorpion
   152 | D        | Reached * piety under Cheibriados
   152 | D        | Reached skill level 5 in Fighting
   152 | D        | Reached XP level 4. HP: 36/46 MP: 4/6
   250 | D        | Entered arena 3.
   250 | D        | Found a transporter.
   254 | D        | Reached ** piety under Cheibriados
   258 | D        | Reached *** piety under Cheibriados
   266 | D        | Entered arena 4.
   266 | D        | Noticed an insubstantial wisp
   266 | D        | Noticed an insubstantial wisp
   266 | D        | Noticed an insubstantial wisp
   266 | D        | Noticed an insubstantial wisp
   266 | D        | Found a transporter.
   269 | D        | Killed an insubstantial wisp
   269 | D        | Reached skill level 5 in Long Blades
   269 | D        | Reached skill level 5 in Armour
   269 | D        | Reached skill level 5 in Shields
   269 | D        | Reached XP level 5. HP: 51/55 MP: 7/7
   271 | D        | Killed an insubstantial wisp
   271 | D        | Reached XP level 6. HP: 59/63 MP: 7/9
   274 | D        | Killed an insubstantial wisp
   274 | D        | Reached **** piety under Cheibriados
   274 | D        | Reached XP level 7. HP: 62/70 MP: 7/10
   275 | D        | Killed an insubstantial wisp
   300 | D        | Entered arena 5.
   300 | D        | Found a transporter.
   301 | D        | Reached ***** piety under Cheibriados
   301 | D        | Reached skill level 5 in Invocations
   330 | D        | Entered arena 6.
   330 | D        | Noticed a deep elf mage
   330 | D        | Noticed a battleaxe of electrocution
   330 | D        | Noticed a deep elf mage
   330 | D        | Noticed a deep elf knight
   330 | D        | Noticed a water elemental
   330 | D        | Found a transporter.
   331 | D        | Killed a battleaxe of electrocution
   331 | D        | Reached skill level 5 in Evocations
   331 | D        | Reached XP level 8. HP: 82/82 MP: 10/12
   332 | D        | Noticed an ice devil
   332 | D        | Killed a water elemental
   332 | D        | Killed a deep elf knight
   332 | D        | Reached skill level 5 in Dodging
   332 | D        | Reached XP level 9. HP: 91/91 MP: 5/13
   332 | D        | Killed a deep elf mage
   332 | D        | Killed a deep elf mage
   413 | D        | Entered arena 7.
   414 | D        | Found a transporter.
   416 | D        | Reached ****** piety under Cheibriados
   416 | D        | Reached skill level 10 in Fighting
   435 | D        | Entered arena 8.
   435 | D        | Noticed a death scarab
   435 | D        | Noticed a guardian mummy
   435 | D        | Noticed a guardian mummy
   436 | D        | Killed a death scarab
   436 | D        | Reached skill level 10 in Long Blades
   436 | D        | Reached XP level 10. HP: 103/103 MP: 15/15
   438 | D        | Found a transporter.
   439 | D        | Noticed a reaper
   490 | D        | Entered arena 9.
   490 | D        | Noticed an apocalypse crab
   491 | D        | Found a transporter.
   498 | D        | Killed an apocalypse crab
   502 | D        | Gained mutation: You are resistant to hostile enchantments. (MR+) [mutagenic meat]
   543 | D        | Entered arena 10.
   543 | D        | Noticed a spriggan rider
   545 | D        | Found a transporter.
   548 | D        | Killed a spriggan rider
   571 | D        | Entered arena 11.
   571 | D        | Noticed a deep elf high priest
   571 | D        | Noticed a deep elf knight
   571 | D        | Noticed a deep elf mage
   571 | D        | Noticed a deep elf mage
   571 | D        | Noticed a deep elf mage
   571 | D        | Noticed a deep elf mage
   571 | D        | Noticed a deep elf mage
   572 | D        | Found a transporter.
   573 | D        | Noticed a sixfirhy
   574 | D        | Killed a deep elf mage
   574 | D        | Killed a deep elf knight
   574 | D        | Reached skill level 10 in Shields
   574 | D        | Reached XP level 11. HP: 111/111 MP: 17/17
   575 | D        | Killed a deep elf mage
   575 | D        | Reached skill level 10 in Armour
   577 | D        | Killed a deep elf mage
   578 | D        | Killed a deep elf high priest
   579 | D        | Killed a deep elf mage
   582 | D        | Killed a deep elf mage
   606 | D        | Entered arena 12.
   606 | D        | Noticed a dire elephant
   606 | D        | Noticed an anaconda
   606 | D        | Noticed a spriggan berserker
   606 | D        | Noticed a dire elephant
   606 | D        | Noticed a spriggan air mage
   607 | D        | Noticed a spriggan defender
   607 | D        | Noticed a spriggan berserker
   607 | D        | Noticed a shambling mangrove
   607 | D        | Noticed an anaconda
   607 | D        | Noticed an oklob plant
   609 | D        | Killed a spriggan air mage
   609 | D        | Killed a spriggan berserker
   610 | D        | Killed an anaconda
   610 | D        | Killed an anaconda
   610 | D        | Killed a spriggan defender
   610 | D        | Killed a spriggan berserker
   610 | D        | Reached skill level 10 in Invocations
   610 | D        | Reached XP level 12. HP: 94/126 MP: 12/19
   612 | D        | Killed a dire elephant
   623 | D        | Killed a dire elephant
   630 | D        | Found a transporter.
   860 | D        | Entered arena 13.
   860 | D        | Noticed a death ooze
   861 | D        | Noticed a great orb of eyes
   861 | D        | Noticed a death ooze
   861 | D        | Noticed a death ooze
   863 | D        | Killed a death ooze
   863 | D        | Killed a death ooze
   863 | D        | Killed a death ooze
   863 | D        | Reached skill level 10 in Evocations
   866 | D        | Found a transporter.
   867 | D        | Killed a great orb of eyes
   887 | D        | Got the +2 pair of gloves of the Buccaneer {Regen+}
   904 | D        | Got the ring "Paghics" {+Inv rF+ MR++ Str+4 Int+2}
   914 | D        | Entered arena 14.
   915 | D        | Noticed a two-headed ogre
   915 | D        | Noticed a stone giant
   915 | D        | Noticed a stone giant
   915 | D        | Noticed a two-headed ogre
   915 | D        | Noticed a stone giant
   917 | D        | Noticed a stone giant
   917 | D        | Killed a two-headed ogre
   918 | D        | Killed a two-headed ogre
   918 | D        | Killed a stone giant
   918 | D        | Gained mutation: You can use your snake-like lower body to constrict enemies. [Naga growth]
   918 | D        | Reached XP level 13. HP: 136/136 MP: 10/21
   918 | D        | Killed a stone giant
   920 | D        | Killed a stone giant
   920 | D        | Killed a stone giant
   921 | D        | Found a transporter.
   951 | D        | Entered arena 15.
   952 | D        | Noticed a merfolk impaler
   952 | D        | Noticed a merfolk impaler
   953 | D        | Noticed a merfolk javelineer
   953 | D        | Noticed a merfolk impaler
   954 | D        | Reached skill level 15 in Fighting
   955 | D        | Reached skill level 15 in Long Blades
   961 | D        | Killed a merfolk impaler
   965 | D        | Killed a merfolk javelineer
   967 | D        | Found a transporter.
   967 | D        | Killed a merfolk impaler
   969 | D        | Killed a merfolk impaler
  1120 | D        | Entered arena 16.
  1121 | D        | Noticed a ghoul
  1121 | D        | Noticed a shadow dragon
  1123 | D        | Noticed a ghoul
  1123 | D        | Noticed a shadow dragon
  1131 | D        | Killed a ghoul
  1136 | D        | Killed a shadow dragon
  1139 | D        | Killed a shadow dragon
  1139 | D        | Reached skill level 10 in Dodging
  1139 | D        | Reached XP level 14. HP: 40/148 MP: 0/23
  1142 | D        | Killed a ghoul
  1147 | D        | Found a transporter.
  1250 | D        | Entered arena 17.
  1253 | D        | Noticed a vampire knight
  1253 | D        | Noticed a ghoul
  1258 | D        | Killed a vampire knight
  1261 | D        | Killed a ghoul
  1264 | D        | Found a transporter.
  1291 | D        | Entered arena 18.
  1299 | D        | Noticed a ghoul
  1299 | D        | Noticed an ancient lich
  1300 | D        | Noticed a ghoul
  1301 | D        | Noticed a balrug
  1302 | D        | Noticed an Ice Fiend
  1304 | D        | Killed an ancient lich
  1306 | D        | Killed a ghoul
  1307 | D        | Killed a ghoul
  1310 | D        | Got the ring "Hen Gama" {rElec rPois MP+9 Str+4 Dex+4}
  1320 | D        | Found a transporter.
  1368 | D        | Entered arena 19.
  1371 | D        | Noticed a green draconian
  1371 | D        | Noticed a black draconian
  1371 | D        | Noticed a white draconian
  1371 | D        | Noticed a yellow draconian
  1371 | D        | Noticed a white draconian
  1371 | D        | Noticed a green draconian
  1371 | D        | Noticed a white draconian
  1371 | D        | Noticed a yellow draconian knight
  1371 | D        | Noticed a white draconian
  1371 | D        | Noticed a yellow draconian
  1371 | D        | Noticed a green draconian
  1371 | D        | Noticed a red draconian
  1371 | D        | Noticed a green draconian
  1371 | D        | Noticed a black draconian annihilator
  1371 | D        | Noticed a green draconian
  1371 | D        | Noticed a green draconian
  1372 | D        | Noticed a black draconian
  1373 | D        | Noticed a red draconian
  1373 | D        | Noticed a purple draconian
  1374 | D        | Noticed a green draconian
  1375 | D        | Killed a black draconian annihilator
  1375 | D        | Killed a yellow draconian knight
  1376 | D        | Killed a yellow draconian
  1376 | D        | Killed a green draconian
  1376 | D        | Reached skill level 15 in Armour
  1376 | D        | Reached skill level 15 in Shields
  1376 | D        | Killed a white draconian
  1376 | D        | Killed a green draconian
  1376 | D        | Killed a white draconian
  1376 | D        | Killed a black draconian
  1376 | D        | Reached XP level 15. HP: 96/160 MP: 19/25
  1377 | D        | Found a transporter.
  1395 | D        | Got the ring "Wimuzyed" {MR+ Str+4 Dex+7 SInv}
  1395 | D        | Got the ring "Zuza" {rElec rC++ rN+ Str-4 Stlth-}
  1433 | D        | Got the +2 helmet "Niemufa" {rElec rCorr}
  1463 | D        | Entered arena 20.
  1472 | D        | Found a transporter.
  1509 | D        | Got the amulet "Repneara" {Spirit rC- Int+8}
  1515 | D        | Entered arena 21.
  1524 | D        | Noticed a ghoul
  1524 | D        | Noticed a lich
  1527 | D        | Noticed a ghoul
  1528 | D        | Noticed a ghoul
  1528 | D        | Reached skill level 15 in Invocations
  1529 | D        | Killed a lich
  1532 | D        | Killed a ghoul
  1535 | D        | Killed a ghoul
  1540 | D        | Killed a ghoul
  1545 | D        | Got the ring of Unoleqel {*Corrode rElec rPois Dex-3 Stlth-}
  1551 | D        | Got the ring "Zetsuqir" {+Fly rElec rF+ Int-4 Dex+4}
  1558 | D        | Got the ring "Nipses" {+Blink rPois Dex+7 Slay-5 SInv}
  1568 | D        | Got the ring "Gytefamo" {Wiz rC+}
  1580 | D        | Found a transporter.
  1615 | D        | Entered arena 22.
  1621 | D        | Reached XP level 16. HP: 171/175 MP: 27/27
  1625 | D        | Found a transporter.
  1674 | D        | Got the ring of Etsuek {+Inv SInv}
  1678 | D        | Got the ring "Ydeq" {rF- rN++ MR+ Str+6}
  1722 | D        | Entered arena 23.
  1728 | D        | Noticed a deep elf master archer
  1728 | D        | Noticed a deep elf master archer
  1728 | D        | Noticed a deep elf master archer
  1728 | D        | Noticed a deep elf master archer
  1730 | D        | Killed a deep elf master archer
  1730 | D        | Killed a deep elf master archer
  1730 | D        | Identified the +9 long sword "Pendulum" {slice, Str+3}
  1730 | D        | Killed a deep elf master archer
  1731 | D        | Reached skill level 15 in Evocations
  1731 | D        | Killed a deep elf master archer
  1736 | D        | Found a transporter.
  1782 | D        | Got a ring of the Octopus King {rN+ AC+1 EV+1 Str+1 Int+1 Dex+1}
  1798 | D        | Got the amulet "Oluom" {Reflect rN+ MR- Str+3 Dex+4 SH+5}
  1842 | D        | Entered arena 24.
  1848 | D        | Noticed a deep elf master archer
  1848 | D        | Noticed a deep elf blademaster
  1848 | D        | Noticed a deep elf blademaster
  1848 | D        | Noticed a deep elf master archer
  1848 | D        | Noticed a deep elf master archer
  1848 | D        | Noticed a deep elf master archer
  1848 | D        | Noticed a deep elf master archer
  1848 | D        | Noticed a deep elf master archer
  1850 | D        | Noticed a deep elf blademaster
  1850 | D        | Killed a deep elf blademaster
  1850 | D        | Reached XP level 17. HP: 174/189 MP: 23/29
  1850 | D        | Killed a deep elf master archer
  1850 | D        | Killed a deep elf master archer
  1851 | D        | Killed a deep elf blademaster
  1851 | D        | Killed a deep elf master archer
  1851 | D        | Killed a deep elf master archer
  1851 | D        | Killed a deep elf master archer
  1852 | D        | Killed a deep elf blademaster
  1852 | D        | Killed a deep elf master archer
  1856 | D        | Found a transporter.
  1919 | D        | Gained mutation: Your spells are a little harder to cast, but a little more powerful. [mutagenic meat]
  1920 | D        | Gained mutation: You are partially covered in iridescent scales. (AC +2) [mutagenic meat]
  1921 | D        | Gained mutation: You can exhale a cloud of poison. [mutagenic meat]
  1922 | D        | Gained mutation: You are partially covered in slimy green scales. (AC +2) [mutagenic meat]
  1989 | D        | Entered arena 25.
  1996 | D        | Noticed a death cob
  1996 | D        | Noticed a tentacled monstrosity
  1996 | D        | Noticed a golden dragon
  1996 | D        | Noticed a quicksilver dragon
  1996 | D        | Noticed a tentacled monstrosity
  1996 | D        | Noticed a death cob
  1997 | D        | Noticed an Orb Guardian
  1997 | D        | Noticed an Orb Guardian
  1997 | D        | Noticed an Orb Guardian
  1997 | D        | Noticed an Orb Guardian
  1997 | D        | Noticed an Orb Guardian
  1997 | D        | Noticed an Orb Guardian
  1998 | D        | Noticed an Orb Guardian
  1998 | D        | Noticed an Orb Guardian
  1998 | D        | Noticed an Orb Guardian
  1998 | D        | Noticed a quicksilver dragon
  1998 | D        | Noticed a curse toe
  1998 | D        | Killed a death cob
  1998 | D        | Killed a death cob
  1998 | D        | Killed a quicksilver dragon
  1999 | D        | Noticed an Orb Guardian
  1999 | D        | Killed an Orb Guardian
  1999 | D        | Killed an Orb Guardian
  1999 | D        | Killed an Orb Guardian
  1999 | D        | Killed an Orb Guardian
  1999 | D        | Killed an Orb Guardian
  1999 | D        | Reached XP level 18. HP: 95/205 MP: 8/31
  1999 | D        | Killed a quicksilver dragon
  1999 | D        | Killed an Orb Guardian
  1999 | D        | Killed an Orb Guardian
  1999 | D        | Reached skill level 15 in Dodging
  1999 | D        | Killed an Orb Guardian
  1999 | D        | Killed an Orb Guardian
  1999 | D        | Killed an Orb Guardian
  2000 | D        | Noticed an Orb Guardian
  2001 | D        | Killed a golden dragon
  2001 | D        | Killed an Orb Guardian
  2002 | D        | Killed a tentacled monstrosity
  2003 | D        | Killed a tentacled monstrosity
  2007 | D        | Killed a curse toe
  2014 | D        | Got the ring "Ori Hack" {Ice +Blink}
  2038 | D        | Gained mutation: Your spells are harder to cast, but more powerful. [mutagenic meat]
  2039 | D        | Gained mutation: Your body sometimes deteriorates upon taking damage. [mutagenic meat]
  2040 | D        | Gained mutation: You expend magic power (3 MP) to strengthen your wands. [mutagenic meat]
  2048 | D        | Found a transporter.
  2108 | D        | Got the amulet "Zynoutor" {RegenMP rElec rF- Str+5 Dex+4}
  2121 | D        | Entered arena 26.
  2126 | D        | Noticed an orb of fire
  2128 | D        | Noticed an orb of fire
  2130 | D        | Killed an orb of fire
  2130 | D        | Killed an orb of fire
  2131 | D        | Reached XP level 19. HP: 69/219 MP: 9/33
  2133 | D        | Noticed an orb of fire
  2136 | D        | HP: 1/219 [orb of fire/fireball (70)]
  2138 | D        | Killed an orb of fire
  2143 | D        | Killed from afar by a fire dragon

Vault maps used:
D:        sprint_v

Skill      XL: |  1  2  3  4  5  6  7  8  9 10 11 12 13 14 15 16 17 18 19 |
---------------+----------------------------------------------------------+-----
Fighting       | 4 5 6 8 9 10 11 13 14 15 17 19 21 23 25 | 25.5
Long Blades    | 3 4 5 6 8 9 10 11 12 14 15 17 19 21 23 25 | 25.5
Armour         | 3 4 5 7 8 9 11 12 13 15 16 18 20 21 22 | 22.3
Dodging        | 1 2 3 4 5 6 7 8 10 11 12 13 14 16 | 16.6
Shields        | 3 4 5 7 8 10 11 12 13 15 16 18 20 21 22 | 22.3
Invocations    | 2 3 4 5 6 7 8 10 11 12 13 15 16 18 20 | 20.6
Evocations     | 1 2 3 4 5 6 7 8 9 10 11 12 14 15 17 18 19 | 19.3

Action                   |  1- 3 |  4- 6 |  7- 9 | 10-12 | 13-15 | 16-18 | 19-21 || total
-------------------------+-------+-------+-------+-------+-------+-------+-------++-------
Melee: Double sword      |     8 |    13 |     1 |    42 |    59 |    26 |     1 ||   150
       Constrict         |       |       |       |       |    14 |     6 |       ||    20
Invok: Slouch            |       |       |     4 |    14 |    28 |    23 |     7 ||    76
 Abil: Spit Poison       |     1 |       |       |       |       |       |       ||     1
  Use: Potion            |     1 |       |       |     1 |       |     1 |     3 ||     6
       Scroll            |       |       |       |       |       |     4 |       ||     4
 Stab: Distracted        |       |       |       |       |     1 |     1 |       ||     2
  Eat: Chunk             |       |       |       |     2 |     2 |    10 |       ||    14
       Fruit             |       |       |       |       |    11 |       |       ||    11
Armor: Plate armour      |       |    12 |     2 |    23 |    57 |    56 |     1 ||   151
Dodge: Dodged            |       |       |       |     5 |    58 |    41 |     5 ||   109
Block: Shield            |    11 |    29 |     3 |    79 |   221 |   122 |       ||   465
       Reflection        |       |       |       |       |       |    37 |       ||    37
       Rpst.: Double sword |       |       |       |     1 |     6 |    11 |       ||    18
